 Dungeon Crawl Stone Soup version 0.28-a0-556-gab23d0e057 (webtiles) character file.

Game seed: 10625101401816920341

107 Rennog the Skirmisher (level 4, -1/52 HPs)
             Began as an Ogre Fighter on Sept 28, 2021.
             Was a Follower of Makhleb.
             Slain by an adder (2 damage)
             ... on level 3 of the Dungeon.
             The game lasted 00:02:26 (2664 turns).

Rennog the Skirmisher (Ogre Fighter)                Turns: 2664, Time: 00:02:27

Health: -1/52      AC:  4    Str: 20    XL:     4   Next: 86%
Magic:  4/4        EV:  8    Int:  9    God:    Makhleb [*.....]
Gold:   95         SH:  7    Dex:  9    Spells: 3/3 levels left

rFire   . . .      SeeInvis .   a - +0 flail
rCold   . . .      Faith    .   c - +0 kite shield
rNeg    . . .      Spirit   .   b - +0 robe
rPois   .          Reflect  .   j - +1 hat
rElec   .          Harm     .   (no cloak)
rCorr   .          Rampage  .   (gloves unavailable)
Will    .....                   (boots unavailable)
Stlth   +.........              (no amulet)
HPRegen 0.17/turn               (no ring)
MPRegen 0.09/turn               (no ring)

@: brilliant, lethally poisoned (-1 -> -29)
A: large, unfitting armour, tough skin 1
a: Renounce Religion


You were on level 3 of the Dungeon.
You worshipped Makhleb.
Makhleb was aware of your devotion.
You visited 1 branch of the dungeon, and saw 3 of its levels.

You collected 95 gold pieces.

Inventory:

Hand Weapons
 a - a +0 flail (weapon)
Armour
 b - a +0 robe (worn)
 c - a +0 kite shield (worn)
 j - a +1 hat (worn)
Jewellery
 g - a ring of protection from cold
Scrolls
 f - a scroll of immolation {unknown}
 h - 3 scrolls of identify {unknown}
Potions
 d - 2 potions of might
 e - a potion of curing {unknown}


   Skills:
 * Level 5.8 Fighting
 + Level 2.6 Maces & Flails
 + Level 3.3 Dodging
 - Level 2.6 Shields


You had 3 spell levels left.
You didn't know any spells.
Your spell library contained the following spells:

 Spells                   Type           Power      Damage    Failure   Level
 Fulminant Prism          Conj/Hex       0%         3d6       100%        4
 Iskenderun's Mystic Bla  Conj/Tloc      0%         2d3       100%        4
 Leda's Liquefaction      Hex/Erth       0%         N/A       100%        4
 Lee's Rapid Deconstruct  Erth           0%         3d5*      100%        5
 Statue Form              Tmut/Erth      0%         N/A       100%        6


Dungeon Overview and Level Annotations

Branches:
Dungeon (3/15)

Altars:
Makhleb

Annotations:
D:3 Robin


Innate Abilities, Weirdness & Mutations

You are too large for most types of armour.
You have tough skin. (AC +1)


Message History

Robin hits you with a +1 spear of venom.
You hit Robin.
Robin is severely wounded.
You feel sick. The adder closely misses you. You block Robin's attack.
You block the adder's attack.
You hit Robin.
Robin is almost dead.
You feel sick. The adder bites you.
You are more poisoned.
The adder poisons you!
Robin hits you with a +1 spear of venom.
The adder bites you.
You are more poisoned.
The adder poisons you!
Robin hits you with a +1 spear of venom.
You barely miss Robin.
Robin is almost dead.
You feel very sick. The adder bites you but does no damage.
Robin hits you with a +1 spear of venom.
You are more poisoned.
You block the adder's attack.
You barely miss Robin.
Robin is almost dead.
* * * LOW HITPOINT WARNING * * *
You feel very sick.
Robin hits you with a +1 spear of venom.
* * * LOW HITPOINT WARNING * * *
You are more poisoned.
The adder bites you but does no damage.
Robin hits you with a +1 spear of venom.
* * * LOW HITPOINT WARNING * * *
You are more poisoned.
The adder bites you but does no damage.
It was a potion of brilliance.
You feel clever all of a sudden.
* * * LOW HITPOINT WARNING * * *
You feel extremely sick. The adder bites you.
You die...

## ##. .. ...
....###.# #.....# #
##.## .###
.#########.g@###....#
......(.)..##S).#
##.#.########<### #.#
#.# ... #..## ...#
..#.#


You could see Robin and an adder.

Vanquished Creatures
  3 gnolls (D:2)
  An adder (D:2)
  A worm (D:2)
  4 orcs (D:2)
  3 ball pythons
  5 bats
  7 endoplasms
  3 giant cockroaches
  10 goblins
  5 hobgoblins
  4 kobolds
  4 quokkas
  4 frilled lizards
  2 rats (D:2)
56 creatures vanquished.

Notes
Turn   | Place    | Note
-------+----------+-------------------------------------------
     0 | D:1      | Rennog the Ogre Fighter began the quest for the Orb.
     0 | D:1      | Reached XP level 1. HP: 24/24 MP: 1/1
   205 | D:1      | Reached XP level 2. HP: 27/33 MP: 2/2
   821 | D:1      | Reached XP level 3. HP: 37/41 MP: 3/3
  1034 | D:2      | Found a burning altar of Makhleb.
  1050 | D:2      | Became a worshipper of Makhleb the Destroyer
  1376 | D:2      | Reached skill level 5 in Fighting
  1491 | D:2      | Reached XP level 4. HP: 25/50 MP: 4/4
  2150 | D:2      | Reached * piety under Makhleb
  2224 | D:2      | Found a faded altar of an unknown god.
  2372 | D:3      | Noticed Robin
  2664 | D:3      | HP: 1/52 [poisoned by Robin]
  2664 | D:3      | Slain by an adder

Illustrated notes

Levels and vault maps discovered:
D:1:      dpeg_arrival_shrine, layout_basic, chequers_serial_rivers_marsh
D:2:      layout_rooms, basic_altar, shapermc_ecumenical_altar_totnotflames,
          nrook_campfire, minmay_misc_feat_enclosed
D:3:      layout_loops_ring, uniq_robin, uniq_ijyb

Skill      XL: |  1  2  3 |
---------------+----------+-----
Maces & Flails | 2 |  2.6
Dodging        | 3 |  3.3
Fighting       | 5 |  5.8
Shields        | |  2.6

Action                   |  1- 3 |  4- 6 || total
-------------------------+-------+-------++-------
Melee: Flail             |    94 |    68 ||   162
  Use: Potion            |       |     1 ||     1
Armor: Robe              |    31 |    18 ||    49
Dodge: Dodged            |    36 |    24 ||    60
Block: Kite shield       |    51 |    27 ||    78

Table legend: (Time is in decaauts)
 A = Elapsed time spent in this place.
 B = Non-inter-level travel time spent in this place.
 C = Inter-level travel time spent in this place.
 D = Time resting spent in this place.
 E = Time spent auto-exploring this place.
 F = Levels seen in this place.
 G = Mean time per level.
                   A        B        C        D        E       F      G
               +--------+--------+--------+--------+--------+-----+--------+
         Total |   2747 |   2601 |    146 |    492 |   1657 |   3 |  915.7 |
       Dungeon |   2747 |   2601 |    146 |    492 |   1657 |   3 |  915.7 |
               +--------+--------+--------+--------+--------+-----+--------+

Top non-repeatable levels by time:
     D:2: 1341 daAuts
     D:1: 1306 daAuts
     D:3: 98 daAuts
